PUB
MONTREAL ROYALS @ ST. LOUIS TERRIERS
09/29/1970
 
TOP OF THE 1ST
Montreal Royals batting - Pitching for St. Louis Terriers : RHP Donald Wilson
Pitching: RHP Donald Wilson
Batting: RHB Luis López 0-0: Ball
1-0: Called Strike
1-1: Ball
2-1: SINGLE (Line Drive, 56D, EV 95.6 MPH)
Batting: RHB Cleon Jones Pickoff Throw to First - Out! 1-3
0-0: Fly out, F8 (Flyball, 8RS, EV 83.1 MPH)
Batting: LHB Nick Nix 0-0: Swinging Strike
0-1: Called Strike
0-2: Ball
1-2: Strikes out swinging
Top of the 1st over - 0 runs, 1 hit, 0 errors, 0 left on base; Montreal 0 - St. Louis 0
BOTTOM OF THE 1ST
St. Louis Terriers batting - Pitching for Montreal Royals : RHP Bill Kidder
Pitching: RHP Bill Kidder
Batting: RHB Ben Bland 0-0: Foul Ball, location: 2F
0-1: Called Strike
0-2: Ground out 5-3 (Groundball, 5S, EV 85.6 MPH)
Batting: RHB Tommy Davis 0-0: Foul Ball, location: 2F
0-1: Foul Ball, location: 2F
0-2: Hit by Pitch
Batting: LHB Santiago Sosa 0-0: Ball
1-0: 2-RUN HOME RUN (Flyball, 9D, EV 99.4 MPH), Distance : 392 ft
Batting: LHB Màximo Carregueiro 0-0: SOLO HOME RUN (Flyball, 9D, EV 106.9 MPH), Distance : 409 ft
Batting: RHB Brandon Carr 0-0: SOLO HOME RUN (Flyball, 7LD, EV 96.2 MPH), Distance : 366 ft
Batting: RHB Millard Pérez 0-0: Ball
1-0: Ball
2-0: Called Strike
2-1: Fly out, F8 (Line Drive, 8LD, EV 93.1 MPH)
Batting: LHB Albie Pearson 0-0: SINGLE (Line Drive, 89M, EV 89.4 MPH)
Batting: RHB Emílio Durán 0-0: Swinging Strike
0-1: Ball
1-1: Fly out, F7 (Line Drive, 7D, EV 107.5 MPH)
Bottom of the 1st over - 4 runs, 4 hits, 0 errors, 1 left on base; Montreal 0 - St. Louis 4
TOP OF THE 2ND
Montreal Royals batting - Pitching for St. Louis Terriers : RHP Donald Wilson
Batting: LHB Jake Cameron 0-0: Foul Ball, location: 2F
0-1: Fly out, F8 (Flyball, 89M, EV 96.2 MPH)
Batting: RHB Paul Schaal 0-0: Ground out 5-3 (Groundball, 56D, EV 102.5 MPH)
Batting: LHB Tadataka Miura 0-0: Ball
1-0: Ball
2-0: Foul Ball, location: 2F
2-1: Ground out 4-3 (Groundball, 4, EV 110.0 MPH)
Top of the 2nd over - 0 runs, 0 hits, 0 errors, 0 left on base; Montreal 0 - St. Louis 4
BOTTOM OF THE 2ND
St. Louis Terriers batting - Pitching for Montreal Royals : RHP Bill Kidder
Batting: RHB Donald Wilson 0-0: Ball
1-0: Called Strike
1-1: Swinging Strike
1-2: Strikes out looking
Batting: RHB Ben Bland 0-0: Called Strike
0-1: Swinging Strike
0-2: Ground out 6-3 (Groundball, 6, EV 79.4 MPH)
Batting: RHB Tommy Davis 0-0: Called Strike
0-1: Called Strike
0-2: Ball
1-2: SINGLE (Groundball, 6MD, EV 95.6 MPH)
Batting: LHB Santiago Sosa 0-0: Called Strike
Tommy Davis steals 2nd base
0-1: Ball
1-1: Foul Ball, location: 2F
1-2: Strikes out looking
Bottom of the 2nd over - 0 runs, 1 hit, 0 errors, 1 left on base; Montreal 0 - St. Louis 4
TOP OF THE 3RD
Montreal Royals batting - Pitching for St. Louis Terriers : RHP Donald Wilson
Batting: RHB Al Lung 0-0: Ball
1-0: Ball
2-0: Called Strike
2-1: Swinging Strike
2-2: Fly out, F9 (Flyball, 9, EV 93.1 MPH)
Batting: RHB Carl Jones 0-0: SINGLE (Groundball, 34D, EV 95.6 MPH)
Batting: RHB Bill Kidder 0-0: Ball
Carl Jones steals 2nd base
1-0: Ground out 4-3 (Groundball, 4MD, EV 101.9 MPH)
Carl Jones to third
Batting: RHB Luis López 0-0: Called Strike
0-1: Swinging Strike
0-2: Ball
1-2: Fly out, F8 (Line Drive, 8LD, EV 95.0 MPH)
Top of the 3rd over - 0 runs, 1 hit, 0 errors, 1 left on base; Montreal 0 - St. Louis 4
BOTTOM OF THE 3RD
St. Louis Terriers batting - Pitching for Montreal Royals : RHP Bill Kidder
Batting: LHB Màximo Carregueiro 0-0: Reached on error, E5 (Flyball, 5D, EV 86.9 MPH)
Batting: RHB Brandon Carr 0-0: Ball
1-0: Foul Ball, location: 2F
1-1: Called Strike
1-2: Foul Ball, location: 2F
1-2: Ball
2-2: Foul Ball, location: 2F
2-2: Grounds into double play, 6-4-3 (Groundball, 6S, EV 80.0 MPH)
Batting: RHB Millard Pérez 0-0: Ball
1-0: Ball
2-0: Fly out, F8 (Flyball, 8LM, EV 88.8 MPH)
Bottom of the 3rd over - 0 runs, 0 hits, 1 error, 0 left on base; Montreal 0 - St. Louis 4
TOP OF THE 4TH
Montreal Royals batting - Pitching for St. Louis Terriers : RHP Donald Wilson
Batting: RHB Cleon Jones 0-0: Ball
1-0: Ball
2-0: Called Strike
2-1: Foul Ball, location: 2F
2-2: Fly out, F9 (Flyball, 9LD, EV 105.0 MPH)
Batting: LHB Nick Nix 0-0: Ball
1-0: Called Strike
1-1: Swinging Strike
1-2: Strikes out swinging
Batting: LHB Jake Cameron 0-0: Foul Ball, location: 2F
0-1: Ball
1-1: Ball
2-1: SOLO HOME RUN (Flyball, 9LD, EV 94.4 MPH), Distance : 359 ft
Batting: RHB Paul Schaal 0-0: Foul Ball, location: 2F
0-1: Foul Ball, location: 2F
0-2: Fly out, F8 (Flyball, 8LD, EV 89.4 MPH)
Top of the 4th over - 1 run, 1 hit, 0 errors, 0 left on base; Montreal 1 - St. Louis 4
BOTTOM OF THE 4TH
St. Louis Terriers batting - Pitching for Montreal Royals : RHP Bill Kidder
Batting: LHB Albie Pearson 0-0: Ball
1-0: Ball
2-0: Ground out 4-3 (Groundball, 4, EV 86.9 MPH)
Batting: RHB Emílio Durán 0-0: Ball
1-0: Swinging Strike
1-1: Ball
2-1: Called Strike
2-2: Ball
3-2: Foul Ball, location: 2F
3-2: Base on Balls
Batting: RHB Donald Wilson 0-0: Sac Bunt to 3S - play at first, batter OUT! 3-1
Emílio Durán to second
Batting: RHB Ben Bland 0-0: Called Strike
0-1: Ball
1-1: Called Strike
1-2: Strikes out swinging
Bottom of the 4th over - 0 runs, 0 hits, 0 errors, 1 left on base; Montreal 1 - St. Louis 4
TOP OF THE 5TH
Montreal Royals batting - Pitching for St. Louis Terriers : RHP Donald Wilson
Batting: LHB Tadataka Miura 0-0: Called Strike
0-1: Fly out, F9 (Flyball, 9S, EV 75.0 MPH)
Batting: RHB Al Lung 0-0: Ball
1-0: Ball
2-0: Called Strike
2-1: Foul Ball, location: 2F
2-2: Ball
3-2: Foul Ball, location: 2F
3-2: Strikes out swinging
Batting: RHB Carl Jones 0-0: Ball
1-0: Called Strike
1-1: Ball
2-1: Ball
3-1: Swinging Strike
3-2: Strikes out looking
Top of the 5th over - 0 runs, 0 hits, 0 errors, 0 left on base; Montreal 1 - St. Louis 4
BOTTOM OF THE 5TH
St. Louis Terriers batting - Pitching for Montreal Royals : RHP Bill Kidder
Batting: RHB Tommy Davis 0-0: Ball
1-0: Ball
2-0: Ball
3-0: Called Strike
3-1: Base on Balls
Batting: LHB Santiago Sosa Pickoff Throw to First - Out! 1-3
0-0: Foul Ball, location: 2F
0-1: DOUBLE (Line Drive, 7LM, EV 110.6 MPH)
Batting: LHB Màximo Carregueiro 0-0: Foul Ball, location: 2F
0-1: Fly out, F8 (Flyball, 78M, EV 88.1 MPH)
Batting: RHB Brandon Carr 0-0: Ground out U3 (Groundball, 34S, EV 83.8 MPH)
Bottom of the 5th over - 0 runs, 1 hit, 0 errors, 1 left on base; Montreal 1 - St. Louis 4
TOP OF THE 6TH
Montreal Royals batting - Pitching for St. Louis Terriers : RHP Donald Wilson
Batting: RHB Bill Kidder 0-0: Ball
1-0: Foul Ball, location: 2F
1-1: Foul Ball, location: 2F
1-2: Fly out, F8 (Flyball, 8RD, EV 82.5 MPH)
Batting: RHB Luis López 0-0: Called Strike
0-1: Foul Ball, location: 2F
0-2: Ball
1-2: Ball
2-2: Foul Ball, location: 2F
2-2: Strikes out swinging
Batting: RHB Cleon Jones 0-0: Called Strike
0-1: DOUBLE (Flyball, 8LXD, EV 108.8 MPH)
Batting: LHB Nick Nix 0-0: Ball
1-0: Foul Ball, location: 2F
1-1: Foul Ball, location: 2F
1-2: Ball
2-2: Foul Ball, location: 2F
2-2: Foul Ball, location: 2F
2-2: Ground out 5-3 (Groundball, 5, EV 82.5 MPH)
Top of the 6th over - 0 runs, 1 hit, 0 errors, 1 left on base; Montreal 1 - St. Louis 4
BOTTOM OF THE 6TH
St. Louis Terriers batting - Pitching for Montreal Royals : RHP Bill Kidder
Batting: RHB Millard Pérez 0-0: SOLO HOME RUN (Flyball, 7D, EV 97.5 MPH), Distance : 381 ft
Batting: LHB Albie Pearson 0-0: Called Strike
0-1: Ball
1-1: Called Strike
1-2: Strikes out looking
Batting: RHB Emílio Durán 0-0: Ground out 1-3 (Groundball, 13S, EV 72.5 MPH)
Batting: RHB Donald Wilson 0-0: Ball
1-0: Ball
2-0: Called Strike
2-1: Ground out U3 (Groundball, 3S, EV 66.2 MPH)
Bottom of the 6th over - 1 run, 1 hit, 0 errors, 0 left on base; Montreal 1 - St. Louis 5
TOP OF THE 7TH
Montreal Royals batting - Pitching for St. Louis Terriers : RHP Donald Wilson
Batting: LHB Jake Cameron 0-0: Ball
1-0: Ball
2-0: Called Strike
2-1: Ground out U3 (Groundball, 34S, EV 78.1 MPH)
Batting: RHB Paul Schaal 0-0: Ground out 6-3 (Groundball, 6, EV 92.5 MPH)
Batting: LHB Tadataka Miura 0-0: Foul Ball, location: 2F
0-1: Ball
1-1: SINGLE (Line Drive, 4D, EV 103.1 MPH)
Batting: RHB Al Lung 0-0: Ball
1-0: Ball
2-0: Called Strike
2-1: Ball
3-1: Base on Balls
Tadataka Miura to second
Batting: RHB Carl Jones 0-0: Foul Ball, location: 2F
0-1: Called Strike
0-2: Ball
1-2: Ball
2-2: Strikes out swinging
Top of the 7th over - 0 runs, 1 hit, 0 errors, 2 left on base; Montreal 1 - St. Louis 5
BOTTOM OF THE 7TH
St. Louis Terriers batting - Pitching for Montreal Royals : RHP Bill Kidder
Batting: RHB Ben Bland 0-0: Ball
1-0: Ground out 6-3 (Groundball, 6M, EV 79.4 MPH)
Batting: RHB Tommy Davis 0-0: Called Strike
0-1: Foul Ball, location: 2F
0-2: Ball
1-2: SINGLE (Line Drive, 9LS, EV 89.4 MPH)
Batting: LHB Santiago Sosa 0-0: Ball
1-0: Ball
2-0: Swinging Strike
2-1: Swinging Strike
2-2: Ball
3-2: Strikes out swinging
Tommy Davis is caught stealing 2nd base 2-6
Batter strikes out.
Bottom of the 7th over - 0 runs, 1 hit, 0 errors, 0 left on base; Montreal 1 - St. Louis 5
TOP OF THE 8TH
Montreal Royals batting - Pitching for St. Louis Terriers : RHP Donald Wilson
Batting: RHB Bill Kidder 0-0: Swinging Strike
0-1: Foul Ball, location: 2F
0-2: Strikes out swinging
Batting: RHB Luis López 0-0: Ball
1-0: Foul Ball, location: 2F
1-1: Swinging Strike
1-2: Strikes out looking
Batting: RHB Cleon Jones 0-0: Ball
1-0: Swinging Strike
1-1: Swinging Strike
1-2: Foul Ball, location: 2F
1-2: Ball
2-2: SINGLE (Line Drive, 6D, EV 97.5 MPH)
Batting: LHB Nick Nix 0-0: Called Strike
0-1: Ball
1-1: Ball
2-1: Called Strike
2-2: Ball
3-2: Foul Ball, location: 2F
3-2: Foul Ball, location: 2F
3-2: SINGLE (Line Drive, 9S, EV 111.9 MPH)
Cleon Jones to second
Cleon Jones to third
Batting: LHB Jake Cameron 0-0: Ball
1-0: Ball
2-0: Fly out, F9 (Flyball, 9LD, EV 84.4 MPH)
Top of the 8th over - 0 runs, 2 hits, 0 errors, 2 left on base; Montreal 1 - St. Louis 5
BOTTOM OF THE 8TH
St. Louis Terriers batting - Pitching for Montreal Royals : RHP Bill Kidder
Batting: LHB Màximo Carregueiro 0-0: Ball
1-0: Called Strike
1-1: Foul Ball, location: 2F
1-2: Foul Ball, location: 2F
1-2: Foul Ball, location: 2F
1-2: SINGLE (Groundball, P, EV 80.6 MPH) (infield hit)
Batting: RHB Brandon Carr 0-0: Foul Ball, location: 2F
0-1: Foul Ball, location: 2F
0-2: Ball
1-2: Foul Ball, location: 2F
1-2: Foul Ball, location: 2F
1-2: 2-RUN HOME RUN (Flyball, 7D, EV 96.9 MPH), Distance : 393 ft
Pitching: LHP Red Stadler
Batting: RHB Millard Pérez 0-0: Ball
1-0: Called Strike
1-1: Ball
2-1: SINGLE (Line Drive, 9LS, EV 87.5 MPH)
Batting: LHB Albie Pearson 0-0: Swinging Strike
0-1: Fly out, F7 (Flyball, 7LS, EV 87.5 MPH)
Batting: RHB Emílio Durán 0-0: Ball
1-0: Foul Ball, location: 2F
1-1: DOUBLE (Line Drive, 7LS, EV 92.5 MPH)
Millard Pérez to third
Batting: RHB Donald Wilson 0-0: Ball
1-0: Fly out, F8 (Flyball, 89XD, EV 102.5 MPH)
Runner from 3rd tags up, SCORES, no throw by CF
Batting: RHB Ben Bland 0-0: Called Strike
0-1: Ball
1-1: Hit by Pitch
Batting: RHB Tommy Davis 0-0: Ball
1-0: Swinging Strike
1-1: Ball
2-1: Called Strike
2-2: Fielders Choice at 2nd, 6-4 (Groundball, 6D, EV 100.0 MPH)
Bottom of the 8th over - 3 runs, 4 hits, 0 errors, 2 left on base; Montreal 1 - St. Louis 8
TOP OF THE 9TH
Montreal Royals batting - Pitching for St. Louis Terriers : RHP Donald Wilson
Pinch Hitting: SHB David Bush 0-0: Called Strike
0-1: Foul Ball, location: 2F
0-2: Strikes out swinging
Pinch Hitting: RHB Steve Robinson 0-0: Ball
1-0: Ground out 5-3 (Groundball, 5, EV 89.4 MPH)
Thursday, July 6th , 2023 - OOTP Baseball 22.11 Build 82